 Dungeon Crawl Stone Soup version 0.29-a0-789-g7a8fcbc185 (webtiles) character file.

Game seed: 14889310350959866260

43 gobodom the Chopper (level 3, -2/28 HPs)
             Began as a Demonspawn Gladiator on July 3, 2022.
             Slain by a gnoll
             ... wielding a +0 halberd
              (8 damage)
             ... on level 2 of the Dungeon.
             The game lasted 00:03:42 (1551 turns).

gobodom the Chopper (Demonspawn Gladiator)          Turns: 1551, Time: 00:03:43

Health: -2/28      AC:  4    Str: 14    XL:     3   Next: 37%
Magic:  3/3        EV: 12    Int: 11    God:
Gold:   40         SH:  0    Dex: 14    Spells: 2/2 levels left

rFire   . . .      SeeInvis .   a - +0 war axe
rCold   . . .      Faith    .   (no shield)
rNeg    . . .      Spirit   .   b - +0 leather armour
rPois   .          Reflect  .   c - +0 helmet
rElec   .          Harm     .   (no cloak)
rCorr   .          Rampage  .   (no gloves)
Will    .....                   (no boots)
Stlth   +.........              (no amulet)
HPRegen 0.09/turn               (no ring)
MPRegen 0.08/turn               (no ring)

@: no status effects
A: hooves 1
a: no special abilities


You were on level 2 of the Dungeon.
You visited 1 branch of the dungeon, and saw 2 of its levels.

You collected 40 gold pieces.

Inventory:

Hand Weapons
 a - a +0 war axe (weapon)
 g - a +0 dagger of flaming
Missiles
 d - 3 throwing nets (quivered)
 e - a javelin
Armour
 b - a +0 leather armour (worn)
 c - a +0 helmet (worn)
Scrolls
 f - 3 scrolls of identify {unknown}
 h - a scroll of fog {unknown}
 i - a scroll of acquirement {unknown}


   Skills:
 + Level 2.5 Fighting
 + Level 3.1 Axes
 + Level 1.9 Throwing
 + Level 0.9 Armour
 + Level 3.1 Dodging


You had 2 spell levels left.
You didn't know any spells.
Your spell library contained the following spells:

 Spells                   Type           Power      Damage    Failure   Level
 Sandblast                Erth           0%         2d4       41%         1
 Passwall                 Tmut/Erth      0%         N/A       54%         2
 Stone Arrow              Conj/Erth      0%         3d7       78%         3


Dungeon Overview and Level Annotations

Branches:
Dungeon (2/15)

Altars:
Ru


Innate Abilities, Weirdness & Mutations

You have large cloven feet.


Message History

You barely miss the hobgoblin. Your kick misses the hobgoblin.
The hobgoblin is moderately wounded.
The hobgoblin hits you but does no damage.
You hit the hobgoblin. You kick the hobgoblin.
The hobgoblin is severely wounded.
The hobgoblin closely misses you. The hobgoblin completely misses you.
You hit the hobgoblin.
You kill the hobgoblin!
i - a scroll labelled AWEOMEN SEUBB You see here a hobgoblin corpse.
Things that are here:
a +0 club; a +0 sling; a goblin corpse 2 gnolls come into view.
The gnoll shouts!
You hear a shout!
The gnoll shouts!
You hear a shout!
A gnoll comes into view. It is wielding a +0 club.
The gnoll moves out of view.
A goblin comes into view. It is wielding a +0 club.
The gnoll hits you from afar with a +0 halberd!
The goblin moves out of view.
A gnoll comes into view. It is wielding a +0 halberd.
The gnoll hits you with a +0 halberd.
The gnoll shouts!
You hit the gnoll.
The gnoll is lightly wounded.
You closely miss the gnoll. Your kick misses the gnoll.
The gnoll is lightly wounded.
The gnoll misses you. The gnoll closely misses you. x2
You barely miss the gnoll. Your kick misses the gnoll.
The gnoll is lightly wounded.
You hit the gnoll.
The gnoll hits you from afar with a +0 halberd.
The gnoll misses you. The gnoll misses you. The gnoll barely misses you.
You barely miss the gnoll.
The gnoll is lightly wounded.
The gnoll hits you with a +0 flail.
* * * LOW HITPOINT WARNING * * *
The gnoll closely misses you.
The gnoll hits you from afar with a +0 halberd!
You die...

##.##.###..##.###
...##.###..##.#
#####......##.#######..
# #..###............. #
.. #......###### #
##.##.#.######.# #
...............#
#.####.##.####### #.
#.##@# . #.##g# ..##g##
#gg.# #...g.g.....#
#.#..#...#### #..##.##
... ..# #... ###


You could see 4 gnolls and a goblin.

Vanquished Creatures
  2 dart slugs (D:1)
  8 bats
  3 endoplasms (D:1)
  4 goblins
  3 hobgoblins
  5 jackals (D:1)
  4 quokkas
  A frilled lizard (D:1)
  3 rats
33 creatures vanquished.

Notes
Turn   | Place    | Note
-------+----------+-------------------------------------------
     0 | D:1      | gobodom the Demonspawn Gladiator began the quest for the
                  | Orb.
     0 | D:1      | Reached XP level 1. HP: 16/16 MP: 1/1
   572 | D:1      | Gained mutation: You have large cloven feet. [demonic
                  | ancestry]
   572 | D:1      | Reached XP level 2. HP: 22/22 MP: 2/2
   945 | D:1      | Found a faded altar of an unknown god.
   953 | D:1      | Reached XP level 3. HP: 28/28 MP: 3/3
   954 | D:1      | Prayed at the altar of an unknown god.
   954 | D:1      | Became a worshipper of Ru the Awakened
   976 | D:1      | Fell from the grace of Ru
  1551 | D:2      | Slain by a gnoll

Illustrated notes

Levels and vault maps discovered:
D:1:      minmay_arrival_arboretum_small, layout_loops_cross,
          ebering_ecumenical_altar_mist
D:2:      layout_loops_ring, hangedman_decor_push, st_stairs_9,
          minmay_misc_feat_cross, minmay_fountain_box

Skill      XL: |  1  2 |
---------------+-------+-----
Axes           | 3 |  3.1
Dodging        | 3 |  3.1
Fighting       | |  2.5
Throwing       | |  1.9
Armour         | |  0.9

Action                   || total
-------------------------++-------
Melee: War axe           ||   106
       Kick              ||     9
       Punch             ||     1
Invok: Renounce Religion ||     1
 Stab: Sleeping          ||     2
Armor: Leather armour    ||    58
Dodge: Dodged            ||   128

Table legend: (Time is in decaauts)
 A = Elapsed time spent in this place.
 B = Non-inter-level travel time spent in this place.
 C = Inter-level travel time spent in this place.
 D = Time resting spent in this place.
 E = Time spent auto-exploring this place.
 F = Levels seen in this place.
 G = Mean time per level.
                   A        B        C        D        E       F      G
               +--------+--------+--------+--------+--------+-----+--------+
         Total |   1587 |   1567 |     20 |      0 |   1265 |   2 |  793.5 |
       Dungeon |   1587 |   1567 |     20 |      0 |   1265 |   2 |  793.5 |
               +--------+--------+--------+--------+--------+-----+--------+

Top non-repeatable levels by time:
     D:1: 1257 daAuts
     D:2: 330 daAuts
